 Dungeon Crawl Stone Soup version 0.19-a0-1568-gdd01aac (webtiles) character file.

438 Amnesiac the Digger (level 6, -3/41 HPs)
             Began as a Mummy Earth Elementalist on Sept 15, 2016.
             Slain by a worker ant (4 damage)
             ... on level 4 of the Dungeon.
             The game lasted 00:07:14 (2997 turns).

Amnesiac the Digger (Mummy Earth Elementalist)      Turns: 2997, Time: 00:07:15

Health: -3/41      AC:  3    Str: 11    XL:     6   Next: 69%
Magic:  0/9        EV: 12    Int: 17    God:
Gold:   75         SH:  0    Dex: 12    Spells: 3 memorised, 3 levels left

rFire  x . .     SeeInvis .     h - 24 stones
rCold  + . .     Gourm    +     c - +0 robe
rNeg   + + +     Faith    .     (no shield)
rPois  ∞         Spirit   .     (no helmet)
rElec  .         Dismiss  .     m - +0 cloak
rCorr  .         Reflect  .     (no gloves)
MR     .....     Harm     .     (no boots)
Stlth  ++........               j - amulet of the gourmand
                                (no ring)
                                (no ring)

@: about to teleport
A: no food or potions, fire vulnerability, cold resistance 1, negative energy
resistance 3, torment resistance, unbreathing
a: no special abilities


You were on level 4 of the Dungeon.
You were not hungry.

You visited 1 branch of the dungeon, and saw 4 of its levels.

You collected 75 gold pieces.

Inventory:

Hand Weapons
 f - a +1 short sword of venom
 k - a +2 long sword of slicing
 n - a +3 quarterstaff of chaos
 o - a +0 mace of crushing
Missiles
 h - 24 stones (in hand)
Armour
 c - a +0 robe (worn)
 m - a +0 cloak (worn)
Magical Staves
 i - an uncursed staff of earth
Jewellery
 j - an amulet of the gourmand (around neck)
Wands
 l - a wand of random effects (25/48)
Scrolls
 a - a scroll of remove curse
 b - a scroll of enchant armour {unknown}
 e - 2 scrolls of identify
Books
 d - a book of Geomancy

   Spells                             Type                      Level
   a - Sandblast                      Earth                        1
   b - Passwall                       Transmutation/Earth          2
   c - Stone Arrow                    Conjuration/Earth            3
   d - Petrify                        Transmutation/Earth          4
   e - Lee's Rapid Deconstruction     Earth                        5


   Skills:
 - Level 1.5 Dodging
 - Level 1.5 Stealth
 - Level 2.0 Spellcasting
 - Level 0.7 Transmutations
 + Level 6.3 Earth Magic


You had 3 spell levels left.
You knew the following spells:

 Your Spells              Type           Power        Failure   Level  Hunger
f - Stone Arrow           Conj/Erth      ##....       17%         3    N/A
v - Passwall              Tmut/Erth      ##........   10%         2    N/A
z - Sandblast             Erth           ###...       1%          1    N/A

Dungeon Overview and Level Annotations

Branches:
Dungeon (4/15)
 Temple: D:4-7

Altars:

Annotations:
D:4 zkyp's ghost, novice HuGl


Innate Abilities, Weirdness & Mutations

You do not eat or drink.
Your flesh is vulnerable to fire.
You are immune to poison.
Your flesh is cold resistant. (rC+)
You are immune to negative energy. (rN+++)
You are immune to unholy pain and torment.
You can survive without breathing.


Message History

The rocky blast hits the worker ant.
The worker ant is heavily wounded.
The worker ant misses you. The worker ant bites you.
* * * LOW HITPOINT WARNING * * *
The worker ant bites you.
* * * LOW HITPOINT WARNING * * *
Casting: Sandblast
Confirm with . or Enter, or press ? or * to list all spells.
Aiming: Sandblast
Press: ? - help, Shift-Dir - straight line, f/p - worker ant
Aim: a worker ant (heavily wounded)
The rocky blast hits the worker ant.
The worker ant is almost dead.
The worker ant bites you.
* * * LOW HITPOINT WARNING * * *
As you read the scroll labeled WIRYHESURO, it crumbles to dust.
You feel strangely unstable.
It was a scroll of teleportation.
The worker ant closely misses you. The worker ant bites you.
You die...

+.....................
####<..###########...#
##.## ##.## #####.###
### #.a.....# #
#.###.#.# ##### #. #.#
#a#.# #.... ####.##
#.# #a#.# ####.###
....... #.# #@#.#
#....... ##....
#.###.#.# #.##.##.
#....)###.......#
#.##.##.
#..........[..###
#.##.##.
...#.#.#########
#.##.##. ... #.##....
#### #.#####. #.#####.
#.......


You could see 2 worker ants.

Vanquished Creatures
  An ogre (D:4)
  Blork the orc (D:4)
  A howler monkey (D:4)
  Crazy Yiuf (D:3)
  A worker ant (D:4)
  Natasha (thrice) (D:3)
  A hound skeleton (D:4)
  A gnoll (D:4)
  5 adders
  An ooze (D:3)
  An adder skeleton (D:4)
  3 worms
  2 dart slugs
  A leopard gecko (D:1)
  4 bats
  4 giant cockroaches (D:3)
  7 goblins
  5 hobgoblins
  A frilled lizard (D:2)
  3 kobolds (D:3)
  5 rats (D:3)
52 creatures vanquished.

Notes
Turn   | Place    | Note
-------+----------+-------------------------------------------
     0 | D:1      | Amnesiac the Mummy Earth Elementalist began the quest for the Orb.
     0 | D:1      | Reached XP level 1. HP: 13/13 MP: 3/3
   337 | D:2      | Reached XP level 2. HP: 19/19 MP: 3/5
   341 | D:2      | Learned a level 2 spell: Passwall
   364 | D:1      | Reached skill level 3 in Earth Magic
   510 | D:4      | Reached XP level 3. HP: 20/24 MP: 1/6
   518 | D:4      | Noticed zkyp's ghost (novice HuGl)
   566 | D:4      | Noticed Blork the orc
   574 | D:4      | Killed Blork the orc
   574 | D:4      | Reached skill level 4 in Earth Magic
   574 | D:4      | Reached XP level 4. HP: 30/30 MP: 0/7
  1065 | D:4      | Reached XP level 5. HP: 35/35 MP: 8/8
  1076 | D:4      | Reached skill level 5 in Earth Magic
  1613 | D:3      | Learned a level 3 spell: Stone Arrow
  1937 | D:3      | Noticed Natasha
  1952 | D:3      | Killed Natasha
  2130 | D:3      | Found a runed door.
  2287 | D:3      | Reached XP level 6. HP: 41/41 MP: 7/9
  2290 | D:3      | Noticed Natasha
  2295 | D:3      | Killed Natasha
  2351 | D:3      | Noticed Natasha
  2354 | D:3      | Killed Natasha
  2844 | D:3      | Noticed Crazy Yiuf
  2848 | D:3      | Killed Crazy Yiuf
  2848 | D:3      | Reached skill level 6 in Earth Magic
  2995 | D:4      | HP: 1/41 [worker ant (3)]
  2997 | D:4      | Slain by a worker ant

Vault maps used:
D:1:      roderic_octagonal_star
D:2:      mrwooster_statue_mirror, led_sif_pool, uniq_jessica
D:3:      first_bread, uniq_crazy_yiuf_cottage, uniq_natasha
D:4:      uniq_blork_the_orc

Skill      XL: |  1  2  3  4  5  6 |
---------------+-------------------+-----
Earth Magic    | 3 4 5 6 |  6.3
Dodging        | |  1.5
Stealth        | |  1.5
Spellcasting   | |  2.0
Transmutations | |  0.7

Action                   |  1- 3 |  4- 6 || total
-------------------------+-------+-------++-------
Melee: Short sword       |       |    70 ||    70
 Cast: Sandblast         |    26 |    43 ||    69
       Stone Arrow       |       |     4 ||     4
  Use: Scroll            |       |     3 ||     3
 Stab: Sleeping          |       |     1 ||     1
Armor: Robe              |    12 |     7 ||    19
Dodge: Dodged            |    28 |    53 ||    81
